 Dungeon Crawl Stone Soup version 0.28-a0-1233-g92def6ad0a (webtiles) character file.

Game seed: 16594081061640041662

5317 Grim the Spear-Bearer (level 10, -4/80 HPs)
             Began as a Formicid Fighter on Dec 23, 2021.
             Was a Believer of the Shining One.
             Slain by an orc knight (20 damage)
             ... in a bailey.
             The game lasted 00:22:32 (13072 turns).

Grim the Spear-Bearer (Formicid Fighter)           Turns: 13072, Time: 00:22:32

Health: -4/80      AC: 15    Str: 21    XL:     10   Next: 95%
Magic:  12/13      EV:  9    Int: 10    God:    the Shining One [**....]
Gold:   353        SH: 12    Dex: 12    Spells: 9/9 levels left

rFire   . . .      SeeInvis +   q - +4 spear
rCold   . . .      Faith    .   c - +0 buckler
rNeg    + . .      Spirit   .   b - +0 scale mail
rPois   .          Reflect  .   (helmet unavailable)
rElec   .          Harm     .   d - +1 cloak
rCorr   .          Rampage  .   x - +0 pair of gloves
Will    +....                   F - +0 pair of boots
Stlth   ..........              (no amulet)
HPRegen 0.23/turn               (no ring)
MPRegen 0.13/turn               (no ring)

@: divinely shielded, glowing
A: permanent stasis, dig shafts and tunnels, antennae 3, four strong arms,
talons 1, iridescent scales 2
a: Dig, Renounce Religion, Divine Shield


You were in a bailey.
You worshipped the Shining One.
The Shining One was pleased with you.
You visited 1 branch of the dungeon, and saw 11 of its levels.
You also visited: Ossuary and Bailey.

You collected 353 gold pieces.

Inventory:

Hand Weapons
 a - a +0 trident
 e - a +0 spear
 q - a +4 spear (weapon)
 I - a +1 halberd of electrocution
Missiles
 A - 55 boomerangs (quivered)
 B - 2 javelins
 E - 7 poisoned darts
Armour
 b - a +0 scale mail (worn)
 c - a +0 buckler (worn)
 d - a +1 cloak (worn)
 x - a +0 pair of gloves (worn)
 F - a +0 pair of boots (worn)
Jewellery
 u - a ring of wizardry
 y - a ring of ice
Wands
 o - a wand of paralysis (9)
 p - a wand of flame (25)
 w - a wand of mindburst (2)
 H - a wand of iceblast (4)
Scrolls
 g - a scroll of silence {unknown}
 h - 4 scrolls of amnesia {unknown}
 i - a scroll of summoning {unknown}
 j - 2 scrolls of blinking {unknown}
 k - 5 scrolls of noise {unknown}
 l - 4 scrolls of teleportation {unknown}
 m - a scroll of torment {unknown}
 r - 2 scrolls of magic mapping {unknown}
 D - a scroll of vulnerability {unknown}
 G - a scroll of immolation {unknown}
Potions
 f - 2 potions of lignification
 n - 3 potions of mutation {!q}
 s - a potion of cancellation
 t - a potion of brilliance
 v - a potion of flight {unknown}
 z - a potion of berserk rage {unknown}
 C - 3 potions of attraction {unknown}
 J - a potion of resistance


   Skills:
 * Level 8.0 Fighting
 - Level 13.3 Polearms
 + Level 0.2 Throwing
 - Level 3.2 Armour
 - Level 3.6 Shields
 - Level 5.2 Invocations


You had 9 spell levels left.
You didn't know any spells.
Your spell library contained the following spells:

 Spells                   Type           Power      Damage    Failure   Level
 Animate Skeleton         Necr           0%         N/A       71%         1
 Foxfire                  Conj/Fire      0%         2x1d4     71%         1
 Pain                     Necr           0%         1d4       71%         1
 Conjure Flame            Conj/Fire      0%         6-21      97%         3
 Inner Flame              Hex/Fire       0%         N/A       97%         3
 Stone Arrow              Conj/Erth      0%         3d7       97%         3
 Vampiric Draining        Necr           0%         2d6       97%         3
 Animate Armour           Summ/Erth      0%         N/A       100%        4
 Animate Dead             Necr           0%         N/A       100%        4
 Flame Wave               Conj/Fire      0%         2d4       100%        4
 Haunt                    Necr/Summ      0%         N/A       100%        7
 Infestation              Necr           0%         N/A       100%        8
 Lehudib's Crystal Spear  Conj/Erth      0%         10d2      100%        8


Dungeon Overview and Level Annotations

Branches:
Dungeon (10/15)            Temple (0/1) D:7            Lair (0/6) D:9
Ossuary (visited)          Bailey (1/1)
    Orc: D:9-12

Altars:
Makhleb
Qazlal
Ru
Uskayaw
Wu Jian
The Shining One

Shops:
D:2 [   D:7 ?

Annotations:
D:9 Maggie


Innate Abilities, Weirdness & Mutations

You cannot be hasted, slowed, berserked, paralysed or teleported.
You can dig through walls and to a lower floor.
You have a pair of large antennae on your head. (SInv)
Your four strong arms can wield two-handed weapons with a shield.
You have sharp toenails.
You are mostly covered in iridescent scales. (AC +4)


Message History

* * * LOW HITPOINT WARNING * * *
You are too injured to fight recklessly!
Unknown command.
The orc knight drinks a potion.
The orc knight flickers and vanishes for a moment.
There is an open door here.
Your shield is strengthened by the Shining One's divine power.
You block the orc knight's attack.
There is an open door here.
You hit the orc knight but do no damage.
The orc knight is moderately wounded.
You block the gnoll's attack.
You barely miss the orc knight.
The orc knight is moderately wounded.
You block the orc knight's attack.
You hit the orc knight but do no damage.
The orc knight is moderately wounded.
The gnoll closely misses you.
Okay, then.
You hit the orc knight but do no damage.
The orc knight is moderately wounded.
The orc knight hits you with a +2 halberd!
* * * LOW HITPOINT WARNING * * *
You puncture the orc knight!
The orc knight is moderately wounded.
The gnoll closely misses you.
You hit the orc knight.
The orc knight is moderately wounded.
The orc knight hits you with a +2 halberd!
* * * LOW HITPOINT WARNING * * *
You hit the orc knight but do no damage.
The orc knight is moderately wounded.
The gnoll hits you but does no damage. You block the orc knight's attack.
There is an open door here.
There is an open door here.
You extend your mandibles.
You can't dig through that.
The orc knight hits you with a +2 halberd!!
You die...

### ### #####
#.###.###.')#
##'##'##'###(#
##....g## #g(
###.....### g...
#.'..⌠g.'.# .⌠..'
###.)...### ..!.#
##).o..# ...#
##'##@##'# #' '##'
#.###.# #.#g# #'# ###
#### ### ### #.###.#
#.#)###.###.#
##'##'##'###'##'##'##
##.....# ##.....##
###.....#####.....###
#.'..⌠..'.#.'..∩..'.#
###.....#####...††###


You could see an orc knight (invisible), a gnoll and a hobgoblin.

Vanquished Creatures
  A two-headed ogre (D:8)
  Pikel (D:8)
  A centaur zombie (D:10)
  Maurice (D:8)
  6 orc warriors
  An ice beast (D:5)
  3 necrophages
  2 centaurs
  3 phantoms
  A lemure (D:8)
  A kobold brigand (D:8)
  A bullfrog (D:8)
  A gnoll sergeant (D:6)
  A scorpion (D:5)
  A wyvern skeleton (D:5)
  2 electric eels (D:9)
  15 wights
  5 howler monkeys
  2 bullfrog zombies
  3 jellies
  A hound (D:5)
  7 orc priests
  A gnoll shaman (D:10)
  Jessica (D:2)
  A centaur skeleton (D:7)
  An iguana (D:6)
  8 orc wizards
  A mummy (Ossuary)
  20 gnolls
  5 adders
  A white imp (D:6)
  3 ufetubi
  2 worms (D:5)
  A dart slug (D:2)
  18 orcs
  5 spectral bats (Ossuary)
  5 ball pythons (D:1)
  3 endoplasms
  5 giant cockroaches
  12 gnoll zombies (Ossuary)
  11 goblins
  15 hobgoblins
  7 jackals
  16 kobolds
  A quokka (D:2)
  3 bats
  A bat simulacrum (Ossuary)
  3 frilled lizards
  6 goblin simulacra (Ossuary)
  3 goblin zombies (Ossuary)
  5 hobgoblin zombies (Ossuary)
  4 kobold simulacra (Ossuary)
  6 kobold zombies (Ossuary)
  4 orc zombies (Ossuary)
  7 rats
  A rat simulacrum (Ossuary)
  6 spectral goblins (Ossuary)
  4 spectral kobolds (Ossuary)
  2 spectral rats (Ossuary)
258 creatures vanquished.

Vanquished Creatures (others)
  A fungus (D:6)
1 creature vanquished.

Grand Total: 259 creatures vanquished

Notes
Turn   | Place    | Note
-------+----------+-------------------------------------------
     0 | D:1      | Grim the Formicid Fighter began the quest for the Orb.
     0 | D:1      | Reached XP level 1. HP: 18/18 MP: 1/1
   378 | D:1      | Reached XP level 2. HP: 24/24 MP: 2/2
   475 | D:1      | Reached skill level 3 in Polearms
   524 | D:1      | Reached XP level 3. HP: 21/29 MP: 3/3
   759 | D:1      | Noticed an ogre
   760 | D:1      | Noticed an ogre
   760 | D:1      | Noticed an ogre
   768 | D:1      | Noticed an ogre
  1397 | D:2      | Found Toahuf's Antique Armour Shop.
  1594 | D:2      | Reached skill level 4 in Polearms
  1594 | D:2      | Reached XP level 4. HP: 34/35 MP: 4/4
  1943 | D:2      | Noticed Jessica
  1944 | D:2      | Killed Jessica
  2243 | D:3      | Found a faded altar of an unknown god.
  2426 | D:3      | Reached XP level 5. HP: 15/41 MP: 5/5
  2797 | D:3      | Reached skill level 5 in Polearms
  2873 | D:3      | You fall into a shaft and drop 2 floors!
  2873 | D:5      | Entered Level 5 of the Dungeon
  3008 | D:4      | Noticed a necrophage
  3018 | D:4      | Killed a necrophage
  3019 | D:4      | Reached XP level 6. HP: 46/47 MP: 6/6
  3074 | D:4      | Found a sand-covered staircase.
  3079 | Ossuary  | Entered an ossuary
  3186 | Ossuary  | Reached skill level 6 in Polearms
  4309 | D:4      | Gained mutation: You are partially covered in iridescent
                  | scales. (AC +2) [potion of mutation]
  4309 | D:4      | Gained mutation: You are mostly covered in iridescent
                  | scales. (AC +4) [potion of mutation]
  4309 | D:4      | Gained mutation: You have sharp toenails. [potion of
                  | mutation]
  4325 | D:5      | Noticed an ice beast
  4340 | D:5      | Killed an ice beast
  4426 | D:5      | Reached skill level 7 in Polearms
  4426 | D:5      | Reached XP level 7. HP: 37/52 MP: 7/7
  4678 | D:5      | Reached skill level 8 in Polearms
  5256 | D:5      | Reached XP level 8. HP: 58/58 MP: 8/8
  5294 | D:5      | Reached skill level 9 in Polearms
  5409 | D:5      | Found a burning altar of Makhleb.
  5865 | D:6      | Found a hide-covered altar of Uskayaw.
  5977 | D:6      | Found a sacrificial altar of Ru.
  5981 | D:6      | Found a stormy altar of Qazlal.
  5982 | D:6      | Found an ornate altar of the Wu Jian Council.
  5982 | D:6      | Found a glowing golden altar of the Shining One.
  5988 | D:6      | Became a worshipper of the Shining One
  6272 | D:6      | Reached skill level 10 in Polearms
  6710 | D:7      | Found Qeonnoli's Magic Scroll Shoppe.
  6844 | D:7      | Reached XP level 9. HP: 18/64 MP: 9/9
  7099 | D:7      | Found a staircase to the Ecumenical Temple.
  7678 | D:6      | The Shining One protects you from harm!
  7984 | D:6      | Reached skill level 11 in Polearms
  8485 | D:7      | HP: 2/54 [orc warrior (3)]
  8486 | D:7      | You fall into a shaft and drop 2 floors!
  8486 | D:9      | Noticed Maggie
  8487 | D:9      | Noticed a hornet
  8498 | D:9      | You fall into a shaft and drop 1 floor!
  8498 | D:10     | Entered Level 10 of the Dungeon
  8858 | D:10     | Reached * piety under the Shining One
  8908 | D:10     | Reached skill level 12 in Polearms
  9601 | D:8      | Noticed a two-headed ogre
  9616 | D:8      | Killed a two-headed ogre
  9617 | D:8      | Reached skill level 13 in Polearms
  9617 | D:8      | Reached XP level 10. HP: 27/70 MP: 10/10
 10001 | D:8      | Reached skill level 1 in Invocations
 10024 | D:8      | Noticed Maurice
 10333 | D:8      | Reached skill level 5 in Fighting
 10362 | D:8      | Killed Maurice
 10574 | D:8      | Reached ** piety under the Shining One
 11165 | D:8      | Noticed Pikel
 11181 | D:8      | Killed Pikel
 11982 | D:9      | Reached skill level 5 in Invocations
 12296 | D:9      | Found a staircase to the Lair.
 12359 | D:9      | You fall into a shaft and drop 2 floors!
 12761 | D:11     | Found a flagged portal.
 12776 | Bailey   | Entered a bailey
 13024 | Bailey   | Noticed an orc knight
 13072 | Bailey   | Slain by an orc knight

Illustrated notes

Levels and vault maps discovered:
D:1:      erik_arrival_cave_to_civilisation [erik_arrival_cave_to_temple],
          layout_basic
D:2:      layout_loops_cross, serial_shops, nicolae_shop_hallway_plus,
          serial_rivers, chequers_serial_rivers_micro_d,
          chequers_serial_rivers_micro_c, chequers_serial_rivers_room_b,
          chequers_serial_rivers_large_a, grunt_decor_clamped, uniq_jessica
D:3:      minmay_general_purpose_star, layout_rooms,
          ebering_ecumenical_altar_hall
D:4:      layout_loops_ring, enter_ossuary_2, minmay_misc_feat_nine_boxes
D:5:      layout_rooms, lightli_temple_of_fire
D:6:      layout_basic, mainiacjoe_overflow_cross_hatched,
          mainiacjoe_overflow_alcove_3, roderic_serpentine_path
D:7:      layout_basic, lemuel_temple_firewalk_b, serial_shops, shop_scrolls,
          lightli_minifort
D:8:      layout_loops_cross, uniq_pikel, uniq_maurice
D:9:      hangedman_cross_stitches, layout_basic,
          mainiacjoe_overflow_concentric_impassable, lair_entry_dummy,
          nicolae_water_bricks, uniq_maggie
D:10:     layout_roguey, mainiacjoe_overflow_six_doors_small,
          mainiacjoe_overflow_paths, cheibrodos_worm_habitat, orc_0_dummy,
          nrook_mini_vaults, uniq_psyche
D:11:     layout_irregular_city, enter_bailey_3, kennysheep_flooded_box
Bailey:   bailey_axe_2, bailey

Skill      XL: |  1  2  3  4  5  6  7  8  9 10 |
---------------+-------------------------------+-----
Polearms       | 3 4 5 7 8 10 13 | 13.3
Fighting       | 8 |  8.0
Invocations    | 5 |  5.2
Throwing       | |  0.2
Armour         | |  3.2
Shields        | |  3.6

Action                   |  1- 3 |  4- 6 |  7- 9 | 10-12 || total
-------------------------+-------+-------+-------+-------++-------
Melee: Spear             |   105 |   399 |   381 |   370 ||  1255
       Trident           |     4 |       |       |       ||     4
       Kick              |       |    13 |    46 |       ||    59
Throw: Javelin           |     7 |     3 |    23 |     2 ||    35
       Dart              |       |       |     7 |       ||     7
       Boomerang         |       |       |       |     8 ||     8
Invok: Divine Shield     |       |       |       |     1 ||     1
 Abil: Dig               |       |     1 |       |     1 ||     2
       Shaft Self        |       |       |     2 |     1 ||     3
Evoke: Wand              |       |       |     5 |       ||     5
  Use: Potion            |       |     2 |     6 |     1 ||     9
       Scroll            |       |     5 |     1 |       ||     6
Armor: Scale mail        |    33 |   135 |    73 |    88 ||   329
       Skin              |       |    14 |       |       ||    14
Dodge: Dodged            |    33 |   104 |    95 |    79 ||   311
Block: Buckler           |    16 |    46 |    44 |    50 ||   156

Table legend: (Time is in decaauts)
 A = Elapsed time spent in this place.
 B = Non-inter-level travel time spent in this place.
 C = Inter-level travel time spent in this place.
 D = Time resting spent in this place.
 E = Time spent auto-exploring this place.
 F = Levels seen in this place.
 G = Mean time per level.
                   A        B        C        D        E       F      G
               +--------+--------+--------+--------+--------+-----+--------+
         Total |  12693 |  12506 |    187 |   4665 |   5605 |  13 |  976.4 |
       Dungeon |  11696 |  11509 |    187 |   4665 |   5145 |  11 | 1063.3 |
       Ossuary |    741 |    741 |      0 |      0 |    329 |   1 |  741.0 |
        Bailey |    256 |    256 |      0 |      0 |    131 |   1 |  256.0 |
               +--------+--------+--------+--------+--------+-----+--------+

Top non-repeatable levels by time:
     D:6: 2111 daAuts
     D:8: 1630 daAuts
     D:7: 1572 daAuts
     D:1: 1312 daAuts
     D:4: 1077 daAuts
     D:2: 884 daAuts
     D:9: 779 daAuts
 Ossuary: 741 daAuts
     D:3: 674 daAuts
     D:5: 665 daAuts
    D:10: 575 daAuts
    D:11: 412 daAuts
  Bailey: 256 daAuts
